 Dungeon Crawl Stone Soup version 0.31.0-12-g77e489cdc1 (webtiles) character file.

Game seed: 13057675331652090742

359447 Minsecho the Slayer (level 23, -13/199 (204) HPs)
             Began as a Formicid Fighter on Feb 11, 2024.
             Was a High Priest of Cheibriados.
             Mangled by an iron troll (16 damage)
             ... on level 5 of the Vaults.
             The game lasted 01:54:11 (41595 turns).

Minsecho the Slayer (Formicid Fighter)             Turns: 41595, Time: 01:54:11

HP:   -13/199 (204) AC: 21    Str: 35    XL:     23   Next: 44%
MP:   1/33          EV: 22    Int: 21    God:    Cheibriados [*****.]
Gold: 3990          SH: 21    Dex: 46    Spells: 17/22 levels left

rFire   + + .        m - +7 executioner's axe (flame)
rCold   + . .        L - +0 kite shield {reflect}
rNeg    . . .        a - +2 chain mail {rF+}
rPois   .            (helmet unavailable)
rElec   +            Z - +2 cloak {rCorr}
rCorr   +            B - +1 pair of gloves "Wyosirchyu" {rElec Will+ Int+2 Dex+2}
SInv    +            (no boots)
Will    ++++.        W - amulet of regeneration
Stlth   ++           P - +6 ring of dexterity
HPRegen 1.33/turn    S - ring of Lady Luck {+Blink rF+ rC+ Dex+6 Stlth+}
MPRegen 0.23/turn

%: reflection
@: mighty, marked, enlightened, flying, lightly drained, very slow
A: permanent stasis, dig shafts and tunnels, antennae 3, four strong arms
}: 2/15 runes: decaying, serpentine
a: Dig, Shaft Self, Renounce Religion, Bend Time, Temporal Distortion, Slouch,
Step From Time


You were on level 5 of the Vaults.
You worshipped Cheibriados.
Cheibriados was extremely pleased with you.
You visited 7 branches of the dungeon, and saw 38 of its levels.
You also visited: Sewer, Ice Cave and Volcano.

You collected 5181 gold pieces.
You spent 1191 gold pieces at shops.

Inventory:

Hand Weapons
 f - a +9 longbow of electrocution
 l - a +3 battleaxe of freezing
 m - a +7 executioner's axe of flaming (weapon)
 w - the +11 sling of Destruction {flame, rElec rN++ Str+3}
   (You found it on level 5 of the Dungeon)

   Str+3:     It affects your strength (+3).
   rElec:     It insulates you from electricity.
   rN++:      It greatly protects you from negative energy.
Missiles
 h - 4 throwing nets
 r - 7 curare-tipped darts
Armour
 a - a +2 chain mail of fire resistance (worn)
 u - +0 ice dragon scales
 B - the +1 pair of gloves "Wyosirchyu" (worn) {rElec Will+ Int+2 Dex+2}
   (You found it in a volcano)

   Int+2:     It affects your intelligence (+2).
   Dex+2:     It affects your dexterity (+2).
   rElec:     It insulates you from electricity.
   Will+:     It increases your willpower.
 C - +0 swamp dragon scales
 F - a +1 tower shield of fire resistance
 L - a +0 kite shield of reflection (worn)
 Z - a +2 cloak of preservation (worn)
Jewellery
 b - a ring of flight
 c - an amulet of the acrobat
 g - a ring of resist corrosion
 v - a ring of willpower
 A - a ring of poison resistance
 H - a ring of wizardry
 O - a ring of willpower
 P - a +6 ring of dexterity (left hand)
 S - the ring of Lady Luck (right hand) {+Blink rF+ rC+ Dex+6 Stlth+}
   (You found it on level 3 of the Elven Halls)

   [ring of dexterity]

   Dex+6:     It affects your dexterity (+6).
   rF+:       It protects you from fire.
   rC+:       It protects you from cold.
   +Blink:    It lets you blink.
   Stlth+:    It makes you more stealthy.
 V - an amulet of reflection
 W - an amulet of regeneration (around neck)
Wands
 e - a wand of flame (24)
 p - a wand of digging (11)
 G - a wand of mindburst (29)
 K - a wand of roots (32)
 Q - a wand of quicksilver (18)
 R - a wand of paralysis (28)
 T - a wand of polymorph (9)
Scrolls
 i - 3 scrolls of poison
 n - 7 scrolls of revelation
 o - 2 scrolls of vulnerability
 q - 2 scrolls of torment
 s - 3 scrolls of brand weapon
 t - 4 scrolls of immolation
 x - 15 scrolls of identify
 y - 3 scrolls of butterflies
 I - 2 scrolls of silence
 Y - a scroll of fear
Potions
 d - 7 potions of might
 j - 3 potions of enlightenment
 k - 18 potions of curing
 z - 5 potions of lignification
 E - 6 potions of brilliance
 J - a potion of heal wounds
 M - a potion of magic
 N - 4 potions of attraction
 U - 3 potions of mutation
 X - 3 potions of invisibility
Miscellaneous
 D - a lightning rod (4/4)


   Skills:
 * Level 22.5 Fighting
 * Level 10.0(12.4) Axes
 - Level 11.7(13.2) Maces & Flails
 - Level 20.0 Ranged Weapons
 + Level 4.2 Throwing
 * Level 15.3 Armour
 * Level 8.3 Dodging
 + Level 16.8 Shields
 + Level 14.4 Invocations
 + Level 2.5 Evocations


You had 17 spell levels left.
You knew the following spells:

 Your Spells              Type           Power      Damage    Failure   Level
a - Sting                 Conj/Alch      0%         1d3       47%         1
b - Call Imp              Summ           0%         N/A       63%         2
c - Static Discharge      Conj/Air       0%         3-3/arc   63%         2

Your spell library contained the following spells:

 Spells                   Type           Power      Damage    Failure   Level
 Apportation              Tloc           0%         N/A       47%         1
 Foxfire                  Conj/Fire      0%         2x1d4     47%         1
 Kiss of Death            Conj/Necr      0%         2d5       47%         1
 Magic Dart               Conj           0%         1d3       47%         1
 Necrotise                Necr           0%         1d4       47%         1
 Sandblast                Erth           0%         2d4       47%         1
 Summon Small Mammal      Summ           0%         N/A       47%         1
 Cigotuvi's Dreadful Rot  Necr/Alch/Air  0%         N/A       63%         2
 Ensorcelled Hibernation  Hex/Ice        0%         N/A       63%         2
 Jinxbite                 Hex            0%         N/A       63%         2
 Lesser Beckoning         Tloc           0%         N/A       63%         2
 Mercury Vapours          Alch/Air       0%         N/A       63%         2
 Momentum Strike          Conj/Tloc      0%         3d8       63%         2
 Scorch                   Fire           0%         2d5       63%         2
 Sublimation of Blood     Necr           0%         N/A       63%         2
 Confusing Touch          Hex            0%         N/A       85%         3
 Dazzling Flash           Conj/Hex       0%         N/A       85%         3
 Fugue of the Fallen      Necr           0%         N/A       85%         3
 Gell's Gravitas          Tloc           0%         N/A       85%         3
 Hailstorm                Conj/Ice       0%         3d5       85%         3
 Inner Flame              Hex/Fire       0%         N/A       85%         3
 Mephitic Cloud           Conj/Alch/Air  0%         N/A       85%         3
 Passwall                 Erth           0%         N/A       85%         3
 Stone Arrow              Conj/Erth      0%         3d7       85%         3
 Summon Ice Beast         Ice/Summ       0%         N/A       85%         3
 Teleport Other           Tloc           0%         N/A       85%         3
 Tukima's Dance           Hex            0%         N/A       85%         3
 Volatile Blastmotes      Fire/Tloc      0%         2d10      85%         3
 Airstrike                Air            0%         2d(0-16)  99%         4
 Anguish                  Hex/Necr       0%         N/A       99%         4
 Brom's Barrelling Bould  Conj/Erth      0%         2d3       99%         4
 Cause Fear               Hex            0%         N/A       99%         4
 Dimensional Bullseye     Hex/Tloc       0%         N/A       99%         4
 Dispel Undead            Necr           0%         3d6       99%         4
 Flame Wave               Conj/Fire      0%         2d4       99%         4
 Fulminant Prism          Conj/Alch      0%         3d5       99%         4
 Ignite Poison            Fire/Alch      0%         N/A       99%         4
 Iskenderun's Mystic Bla  Conj/Tloc      0%         2d3       99%         4
 Leda's Liquefaction      Alch/Erth      0%         N/A       99%         4
 Manifold Assault         Tloc           0%         N/A       99%         4
 Martyr's Knell           Necr/Summ      0%         N/A       99%         4
 Olgreb's Toxic Radiance  Alch           0%         N/A       99%         4
 Passage of Golubria      Tloc           0%         N/A       99%         4
 Petrify                  Alch/Erth      0%         N/A       99%         4
 Sticky Flame             Fire/Alch      0%         2d4       99%         4
 Summon Lightning Spire   Summ/Air       0%         N/A       99%         4
 Arcjolt                  Conj/Air       0%         1d10      100%        5
 Curse of Agony           Necr           0%         N/A       100%        5
 Fireball                 Conj/Fire      0%         3d3       100%        5
 Freezing Cloud           Conj/Ice/Air   0%         6-21      100%        5
 Irradiate                Conj/Alch      0%         3d11      100%        5
 Iskenderun's Battlesphe  Conj           0%         2d6       100%        5
 Lee's Rapid Deconstruct  Erth           0%         3d4*      100%        5
 Silence                  Hex/Air        0%         N/A       100%        5
 Yara's Violent Unravell  Hex/Alch       0%         3d3       100%        5
 Bombard                  Conj/Erth      0%         9d1       100%        6
 Conjure Ball Lightning   Conj/Air       0%         3x3d6     100%        6
 Death Channel            Necr           0%         N/A       100%        6
 Dispersal                Tloc           0%         N/A       100%        6
 Plasma Beam              Fire/Air       0%         2x1d10    100%        6
 Sculpt Simulacrum        Ice/Alch       0%         N/A       100%        6
 Starburst                Conj/Fire      0%         6d3       100%        6
 Summon Cactus Giant      Summ           0%         N/A       100%        6
 Enfeeble                 Hex            0%         N/A       100%        7
 Orb of Destruction       Conj           0%         9d5       100%        7
 Ozocubu's Refrigeration  Ice            0%         4d7       100%        7
 Spellforged Servitor     Conj/Summ      0%         N/A       100%        7
 Discord                  Hex            0%         N/A       100%        8
 Disjunction              Tloc           0%         N/A       100%        8
 Maxwell's Capacitive Co  Air            0%         ∞         100%        8
 Dragon's Call            Summ           0%         N/A       100%        9
 Blink                    Tloc           Unusable   N/A       N/A         2
 Vhi's Electric Charge    Tloc/Air       Unusable   N/A       N/A         4

Dungeon Overview and Level Annotations

Branches:
Dungeon (15/15)            Temple (0/1) D:6            Lair (5/5) D:8
  Swamp (4/4) Lair:2        Snake (4/4) Lair:3        Slime (0/5) Lair:4
    Orc (2/2) D:12            Elf (3/3) Orc:2        Vaults (5/5) D:13
  Crypt (0/3) Vaults:2     Depths (0/4) D:15          Sewer (visited)
  IceCv (visited)         Volcano (visited)

Altars:
Ashenzari
Cheibriados
Elyvilon
Fedhas
Gozag
Hepliaklqana
Kikubaaqudgha
Ru
Sif Muna
Trog
Uskayaw
Wu Jian
Xom
Yredelemnul
Jiyva

Shops:
D:1 ?   Orc:1 ?   Orc:2 **?(   Elf:3 (=[((   Snake:1 (   Snake:2 =

Portals:
Trove: D:13 (give +2 storm dragon scales)

Annotations:
D:8 exclusion: ice statue


Innate Abilities, Weirdness & Mutations

You cannot be hasted, slowed, berserked, paralysed or teleported.
You can dig through walls and to a lower floor.
You have a pair of large antennae on your head. (SInv)
Your four strong arms can wield two-handed weapons with a shield.


Message History

As you read the scroll of fear, it crumbles to dust.
You assume a fearsome visage.
The vault warden looks frightened!
The deep elf sorcerer resists with some effort.
The vault guard looks frightened!
The vault guard resists with almost no effort.
The vault guard looks frightened! x5; The shadow dragon looks frightened!
The vault warden looks frightened!
The stone giant resists with almost no effort.
The titan resists with almost no effort.
The vault warden looks frightened! x2; The stone giant looks frightened!
The vault sentinel resists with some effort.
The shadow dragon resists with almost no effort.
The vault sentinel looks frightened!
The deep elf high priest looks frightened!
The freezing wraith is unaffected.
The ettin looks frightened!
The yaktaur looks frightened!
The deep troll earth mage looks frightened!
The iron troll looks frightened!
The iron troll resists with almost no effort.
The war gargoyle is unaffected.
The titan resists with almost no effort.
The ironbound preserver looks frightened!
The deep troll looks frightened!
A wolf spider comes into view.
The war gargoyle hits you with a +0 great mace!!
* * * LOW HITPOINT WARNING * * *
You block the shadow dragon's attack.
The shadow dragon claws you but does no damage.
The shadow dragon claws you.
* * * LOW HITPOINT WARNING * * *
The titan mumbles some strange words.
The titan is healed somewhat.
The titan waves its arms in wide circles.
The air twists around and strikes you!
* * * LOW HITPOINT WARNING * * *
The vault guard begs for mercy.
The deep elf sorcerer gestures wildly while chanting.
The deep elf sorcerer seems to speed up.
The iron troll bites you!
You die...

#....# #e.p.# {
#.s..# { {
#..Tp# {{#[)pp#
{ #T.p.#
{#.pWC#
#####p9pT#{
.T.C.C)@)#,{c,
..p...(CDpcc.p.
###.eD...pp####
.......C.p...
.$....)........
###############


You could see 2 shadow dragons, an ironbound preserver (empowered, fleeing), 2
titans, 2 iron trolls, 2 stone giants, 4 vault wardens, a yaktaur captain, 7
vault guards, an ettin (fleeing), a deep elf sorcerer (fast), a wolf spider, a
deep troll (fleeing), a war gargoyle, 2 vault sentinels, a deep elf high priest
(brilliance aura, fleeing), a deep troll earth mage (empowered, fleeing), a
yaktaur and a freezing wraith.

Vanquished Creatures
  An ancient lich (Vaults:5)
  Vashnia (Snake:3)
  Nikola (Vaults:1)
  Jorgrun (D:12)
  Asterion (Snake:2)
  2 sphinxes
  4 deep elf master archers (Elf:3)
  2 deep elf blademasters (Elf:3)
  3 titans
  A quicksilver dragon (Vaults:5)
  A thorn hunter (Swamp:4)
  2 tengu reavers
  Donald (Swamp:2)
  Aizul (Snake:2)
  A fenstrider witch (Swamp:4)
  8 vault wardens
  13 nagarajas
  7 deep elf sorcerers
  Louise (Swamp:3)
  An orc warlord (Vaults:1)
  2 deep elf elementalists (Elf:3)
  A reaper (IceCv)
  17 ironbound preservers
  8 ironbound thunderhulks
  2 very ugly things (Vaults:5)
  3 formless jellyfish
  2 deep elf demonologists (Elf:3)
  3 eleionomae
  Nessos (D:12)
  6 dire elephants
  4 war gargoyles
  2 stone giants
  3 deep elf death magi
  3 bunyips
  4 deep elf annihilators (Elf:3)
  2 crystal guardians
  An entropy weaver (Vaults:1)
  2 deep elf high priests (Elf:3)
  2 shambling mangroves
  Fannar (D:10)
  6 yaktaur captains
  2 salamander tyrants (Snake:4)
  6 great orbs of eyes
  27 vault guards
  4 catoblepae
  3 ice dragons (Swamp:4)
  A spriggan air mage (Swamp:1)
  7 hydras
  4 peacekeepers
  14 ironbound frosthearts
  7 alligators
  5 boulder beetles
  6 two-headed ogres
  9 centaur warriors
  14 anacondas
  27 dancing weapons
  3 tengu warriors
  A deep troll earth mage (Vaults:5)
  16 naga sharpshooters
  6 orc high priests
  8 naga warriors
  A deep troll shaman (Lair:5)
  4 death yaks (Lair:5)
  A spriggan berserker (Swamp:4)
  A titan zombie (Vaults:2)
  Sonja (Lair:2)
  14 spriggans
  The ghost of Hidat the Martial Artist, a novice OpSh of Ashenzari (D:11)
  A hell knight (Volcano)
  21 deep elf knights
  7 shock serpents
  Nergalle (Lair:2)
  3 salamander mystics (Snake:4)
  10 sea snakes
  2 swamp dragons (Swamp:2)
  2 goliath frogs
  Lodul (D:12)
  4 bog bodies
  An obsidian statue (Volcano)
  An arcanist (Vaults:1)
  15 mana vipers
  3 spriggan druids
  11 deep elf archers
  48 deep trolls
  11 naga ritualists
  30 deep elf zephyrmancers
  7 orc knights
  18 ironbound convokers
  6 lindwurms
  2 necromancers
  9 ugly things
  2 oklob plants
  20 deep elf pyromancers
  5 orc sorcerers
  16 salamanders
  2 cyclopes
  5 manticores
  40 elephants
  14 naga magi
  4 will-o-the-wisps
  42 black mambas
  3 kobold blastminers (Orc:2)
  4 guardian serpents
  2 gargoyles (D:13)
  A torpor snail (Lair:3)
  19 vault sentinels
  An ice statue (IceCv)
  Maggie (D:10)
  5 cane toads
  3 unseen horror zombies (D:9)
  5 freezing wraiths
  An anaconda simulacrum (IceCv)
  2 efreet (D:15)
  An unseen horror (D:11)
  24 yaktaurs
  3 tengu conjurers
  2 rime drakes
  7 komodo dragons
  Psyche (D:8)
  8 trolls
  A polar bear (Lair:3)
  2 human skeletons (Vaults:2)
  3 bloated husks
  A blink frog (shapeshifter) (D:15)
  4 blink frogs (Lair:4)
  2 dream sheep (Lair:3)
  11 tyrant leeches
  17 hornets
  14 slime creatures
  A jumping spider (Vaults:1)
  3 shadows (D:11)
  A human (D:13)
  A yak (shapeshifter) (D:14)
  An air elemental (Elf:2)
  6 wyverns
  6 basilisks
  5 fire bats (Volcano)
  A vampire (D:10)
  4 water elementals
  A wraith (D:12)
  57 yaks
  2 fire elementals
  A hog (shapeshifter) (D:15)
  2 redbacks (Vaults:1)
  6 wargs
  A dire elephant simulacrum (IceCv)
  A human (shapeshifter) (D:8)
  12 vampire mosquitoes
  2 swamp worm simulacra (Swamp:4)
  2 death yak simulacra (IceCv)
  4 steam dragons
  38 nagas
  15 swamp worms
  2 acid dragons (D:11)
  2 harpy simulacra (IceCv)
  14 hydra simulacra (Swamp:4)
  15 water moccasins
  2 sky beasts
  3 ice beasts
  3 black bears
  19 orc warriors
  4 swamp drakes
  2 laughing skulls (D:15)
  14 ogres
  13 centaurs
  5 wolves (Lair:5)
  A boggart (Vaults:2)
  2 brain worms (Sewer)
  3 kobold brigands
  10 bullfrogs
  2 necrophages (D:9)
  2 cane toad simulacra (IceCv)
  An earth elemental (Elf:1)
  2 gnoll sergeants
  9 two-headed ogre simulacra (IceCv)
  A scorpion (D:6)
  2 wights
  3 elephant simulacra (IceCv)
  12 killer bees
  9 electric eels
  7 howler monkeys
  A centaur zombie (D:9)
  3 lava snakes (Volcano)
  2 bombardier beetles
  5 hounds
  A human zombie (D:9)
  A gnoll bouda (D:5)
  29 orc priests
  7 jellies
  3 iguanas
  26 orc wizards
  6 spriggan simulacra (IceCv)
  5 troll simulacra (IceCv)
  A wolf simulacrum (IceCv)
  3 mummies (D:9)
  A howler monkey zombie (D:9)
  9 gnolls
  17 adders
  3 naga simulacra (IceCv)
  3 river rats (Sewer)
  2 shadow imps
  7 white imps
  9 ufetubi
  6 swamp drake simulacra (Swamp:4)
  7 ribbon worms
  5 dart slugs
  51 orcs
  6 ball pythons
  27 endoplasms
  7 giant cockroaches
  7 goblins
  8 hobgoblins
  13 jackals
  5 bats
  4 frilled lizards
  8 kobolds
  6 rats
  A spectral orc (D:5)
1475 creatures vanquished.

Vanquished Creatures (others)
  An ironbound thunderhulk (Vaults:3)
  A guardian serpent (Snake:1)
  2 bloated husks (Swamp:1)
  A vampire (D:11)
  5 foxfires (Swamp:1)
10 creatures vanquished.

Grand Total: 1485 creatures vanquished

Notes
Turn   | Place    | Note
-------+----------+-------------------------------------------
     0 | D:1      | Minsecho the Formicid Fighter began the quest for the Orb.
     0 | D:1      | Reached XP level 1. HP: 18/18 MP: 1/1
   131 | D:1      | Reached XP level 2. HP: 20/24 MP: 2/2
   269 | D:1      | Reached XP level 3. HP: 22/30 MP: 3/3
   447 | D:1      | Found The Oracle's Delphic Readings.
   473 | D:1      | Reached skill level 4 in Fighting
   645 | D:2      | Reached XP level 4. HP: 26/37 MP: 4/4
  1440 | D:3      | Reached XP level 5. HP: 40/43 MP: 5/5
  1669 | D:3      | Found a snail-covered altar of Cheibriados.
  1973 | D:4      | Noticed an ogre
  1980 | D:4      | Killed an ogre
  1981 | D:4      | Reached XP level 6. HP: 39/50 MP: 6/6
  2032 | D:4      | Reached skill level 5 in Fighting
  2057 | D:4      | Found a glowing drain.
  2068 | Sewer    | Entered a sewer
  2451 | Sewer    | Reached XP level 7. HP: 56/56 MP: 7/7
  2464 | Sewer    | Reached skill level 5 in Shields
  2570 | Sewer    | Reached skill level 1 in Dodging
  3430 | D:3      | Became a worshipper of Cheibriados the Contemplative
  3718 | D:4      | Found a broken altar of Ashenzari.
  3811 | D:5      | Entered Level 5 of the Dungeon
  3819 | D:5      | Reached skill level 5 in Maces & Flails
  3918 | D:5      | Reached skill level 6 in Fighting
  3918 | D:5      | Reached skill level 5 in Armour
  3918 | D:5      | Reached XP level 8. HP: 24/64 MP: 8/8
  4251 | D:5      | Found a white marble altar of Elyvilon.
  4501 | D:5      | Reached * piety under Cheibriados
  4528 | D:5      | Identified the +11 sling of Destruction {flame, rElec rN++
                  | Str+3}
  4794 | D:5      | Found a hazy altar of Hepliaklqana.
  5208 | D:6      | Found a staircase to the Ecumenical Temple.
  5342 | D:6      | Reached skill level 1 in Ranged Weapons
  5345 | D:6      | Found an opulent altar of Gozag.
  5686 | D:6      | Reached skill level 7 in Fighting
  5686 | D:6      | Reached XP level 9. HP: 72/72 MP: 9/9
  5730 | D:6      | Found an ornate altar of the Wu Jian Council.
  5870 | D:7      | Found a blossoming altar of Fedhas.
  5903 | D:7      | Found a shimmering altar of Xom.
  6096 | D:7      | Found a bloodstained altar of Trog.
  6172 | D:7      | Found a hide-covered altar of Uskayaw.
  6238 | D:7      | Reached ** piety under Cheibriados
  6255 | D:7      | Found a sacrificial altar of Ru.
  6868 | D:8      | Found a staircase to the Lair.
  6955 | D:8      | Identified the +1 rapier of Bankruptcy {spect, +Blink rElec
                  | Int+4 Dex-5}
  7068 | D:8      | Reached skill level 5 in Ranged Weapons
  7479 | D:8      | Noticed Psyche
  7484 | D:8      | Killed Psyche
  7485 | D:8      | Reached skill level 8 in Fighting
  7590 | D:8      | Reached XP level 10. HP: 80/80 MP: 10/10
  7823 | D:8      | Noticed an ice statue
  7841 | D:8      | Noticed a two-headed ogre
  7850 | D:8      | Killed a two-headed ogre
  7851 | D:8      | Reached skill level 9 in Fighting
  8098 | D:8      | Noticed a white ugly thing
  8104 | D:8      | Killed a white ugly thing
  8308 | D:9      | Reached *** piety under Cheibriados
  8385 | D:9      | Reached XP level 11. HP: 90/90 MP: 11/11
  8934 | D:9      | Reached skill level 10 in Fighting
  9005 | D:9      | Reached skill level 1 in Invocations
  9107 | D:9      | Found a shimmering blue altar of Sif Muna.
  9158 | D:9      | Reached **** piety under Cheibriados
  9176 | D:9      | Found a basalt altar of Yredelemnul.
  9415 | D:10     | Entered Level 10 of the Dungeon
  9553 | D:10     | Noticed a two-headed ogre
  9556 | D:10     | Noticed Maggie
  9558 | D:10     | Killed a two-headed ogre
  9567 | D:10     | Killed Maggie
  9602 | D:10     | Learned a level 1 spell: Sting
  9605 | D:10     | Learned a level 2 spell: Call Imp
  9642 | D:10     | Reached skill level 11 in Fighting
  9824 | D:10     | Reached ***** piety under Cheibriados
 10304 | D:11     | Noticed Fannar
 10308 | D:11     | Reached XP level 12. HP: 100/100 MP: 14/14
 10318 | D:10     | Killed Fannar
 10319 | D:10     | Reached skill level 10 in Ranged Weapons
 10871 | D:11     | Found a transporter.
 10878 | D:11     | Noticed Hidat's ghost (novice OpSh)
 10880 | D:11     | Found a transporter.
 11454 | D:12     | Noticed Jorgrun
 11454 | D:12     | Noticed a two-headed ogre
 11463 | D:12     | Reached skill level 12 in Fighting
 11469 | D:12     | Killed a two-headed ogre
 11471 | D:12     | Killed Jorgrun
 11472 | D:12     | Reached skill level 5 in Invocations
 11763 | D:12     | Found a staircase to the Orcish Mines.
 11826 | D:12     | Reached XP level 13. HP: 109/109 MP: 17/17
 11830 | D:12     | Noticed Lodul
 11859 | D:12     | Killed Lodul
 11898 | D:12     | Noticed Nessos
 11913 | D:12     | Killed Nessos
 11914 | D:12     | Reached skill level 1 in Evocations
 12284 | D:13     | Reached skill level 13 in Fighting
 12387 | D:13     | Found a portal to a secret trove of treasure.
 12519 | D:13     | Noticed a seven-headed hydra
 12525 | D:13     | Killed a seven-headed hydra
 12636 | D:13     | Noticed a centaur warrior
 12640 | D:13     | Killed a centaur warrior
 12692 | D:13     | Noticed a vault guard
 12729 | D:13     | Killed a vault guard
 12737 | D:13     | Noticed a vault guard
 12773 | D:13     | Killed a vault guard
 13108 | D:13     | Found a gate to the Vaults.
 13108 | D:13     | Noticed a vault guard
 13111 | D:13     | You fall into a shaft and drop 2 floors!
 13111 | D:15     | Entered Level 15 of the Dungeon
 13155 | D:15     | Noticed a five-headed hydra
 13163 | D:15     | Killed a five-headed hydra
 13237 | D:14     | Noticed a centaur warrior
 13240 | D:14     | Killed a centaur warrior
 13437 | Lair:1   | Entered Level 1 of the Lair of Beasts
 13707 | Lair:1   | Reached XP level 14. HP: 119/119 MP: 19/19
 13782 | Lair:1   | Reached skill level 14 in Fighting
 14503 | Lair:2   | Noticed Sonja
 14506 | Lair:2   | Killed Sonja
 14841 | Lair:2   | Noticed Nergalle
 14852 | Lair:2   | Killed Nergalle
 14853 | Lair:2   | Reached skill level 1 in Throwing
 14909 | Lair:2   | Found a staircase to the Swamp.
 15280 | Lair:3   | Found a frozen archway.
 15288 | Lair:3   | Reached ****** piety under Cheibriados
 15323 | IceCv    | Entered an ice cave
 15668 | IceCv    | Identified the staff of Fortitude {rN+ Str+4 Int-3 Dex+8
                  | Necro}
 16177 | IceCv    | Noticed a reaper
 16192 | IceCv    | Killed a reaper
 16361 | IceCv    | Got the Volume of the Wild Sun
 16698 | Lair:3   | Learned a level 2 spell: Static Discharge
 17023 | Lair:3   | Found a staircase to the Snake Pit.
 17034 | Lair:3   | Reached skill level 15 in Fighting
 17169 | Lair:3   | Identified the granite talisman "Egyumpyo" {Int+5}
 17606 | Lair:4   | Reached skill level 10 in Maces & Flails
 17631 | Lair:4   | Reached XP level 15. HP: 22/129 MP: 8/21
 17995 | Lair:4   | Found a dark tunnel.
 18022 | Volcano  | Entered a volcano
 18189 | Volcano  | Found a burning altar of Makhleb.
 18217 | Volcano  | Identified the +1 pair of gloves "Wyosirchyu" {rElec Will+
                  | Int+2 Dex+2}
 18508 | Lair:4   | Reached skill level 1 in Axes
 18687 | Lair:4   | Found a viscous altar of Jiyva.
 18687 | Lair:4   | Found a staircase to the Slime Pits.
 18810 | Lair:5   | Entered Level 5 of the Lair of Beasts
 19148 | Lair:5   | Reached skill level 10 in Invocations
 19153 | Lair:5   | Reached skill level 16 in Fighting
 19853 | Lair:5   | Reached XP level 16. HP: 102/138 MP: 23/23
 20584 | D:14     | Reached skill level 10 in Shields
 21890 | D:15     | Found a staircase to the Depths.
 22309 | Orc:1    | Entered Level 1 of the Orcish Mines
 22409 | Orc:2    | Entered Level 2 of the Orcish Mines
 22680 | Orc:2    | Found a staircase to the Elven Halls.
 22770 | Orc:2    | Found Iceottei's Antique Weapon Boutique.
 22770 | Orc:2    | Found Mompit's Assorted Antiques.
 22771 | Orc:2    | Found Faizxon's General Store.
 22775 | Orc:2    | Found Xuryj's Magic Scroll Boutique.
 22779 | Orc:2    | Bought a scroll of identify for 36 gold pieces
 22779 | Orc:2    | Bought a scroll of identify for 36 gold pieces
 22779 | Orc:2    | Bought a scroll of identify for 36 gold pieces
 22785 | Orc:2    | Bought a scroll labelled MUT MEZUNIR for 26 gold pieces
 22785 | Orc:2    | Bought a glowing scale mail for 182 gold pieces
 22789 | Orc:2    | Bought a scroll of silence for 133 gold pieces
 22789 | Orc:2    | Bought a scroll of identify for 28 gold pieces
 22805 | Orc:2    | Bought a scroll of identify for 52 gold pieces
 22807 | Orc:2    | Bought a runed arbalest for 262 gold pieces
 23115 | Orc:1    | Reached skill level 15 in Ranged Weapons
 23153 | Orc:1    | Found Niyhule's Magic Scroll Boutique.
 23170 | Orc:1    | Bought a scroll of fog for 64 gold pieces
 23170 | Orc:1    | Bought a scroll of enchant weapon for 120 gold pieces
 23170 | Orc:1    | Bought a scroll of identify for 32 gold pieces
 23610 | D:11     | Reached skill level 10 in Armour
 23643 | D:11     | Killed Hidat's ghost
 23912 | Snake:1  | Entered Level 1 of the Snake Pit
 23942 | Snake:1  | Found Pyogudy's Antique Weapon Boutique.
 24499 | Snake:1  | Reached XP level 17. HP: 135/146 MP: 25/25
 24507 | Snake:1  | Reached skill level 17 in Fighting
 25034 | Snake:2  | Identified the serpent talisman "Zaowokli" {MP+9}
 25034 | Snake:2  | Noticed Aizul
 25053 | Snake:2  | Killed Aizul
 25408 | Snake:2  | Noticed Asterion
 25418 | Snake:2  | Killed Asterion
 25499 | Snake:2  | Found Rupim's Jewellery Shoppe.
 26020 | Snake:3  | Reached skill level 5 in Dodging
 26183 | Snake:3  | Reached XP level 18. HP: 143/155 MP: 23/27
 26277 | Snake:3  | Noticed Vashnia
 26444 | Snake:3  | Killed Vashnia
 26884 | Snake:3  | Found a broken altar of Ashenzari.
 27260 | Swamp:1  | Entered Level 1 of the Swamp
 27366 | Swamp:1  | Identified the granite talisman "Dahikit" {rF+ Slay+6
                  | Stlth-}
 27372 | Swamp:1  | Identified the +2 quick blade of Conscience {flame, SInv}
 28359 | Swamp:2  | Noticed Donald
 28375 | Swamp:2  | Killed Donald
 28511 | Swamp:2  | Reached skill level 18 in Fighting
 29267 | Swamp:3  | Noticed Louise
 29278 | Swamp:3  | Killed Louise
 29356 | Swamp:4  | Entered Level 4 of the Swamp
 29465 | Swamp:4  | Reached XP level 19. HP: 163/163 MP: 20/29
 30487 | Swamp:4  | Got a decaying rune of Zot
 30786 | Snake:4  | Entered Level 4 of the Snake Pit
 32599 | Snake:4  | Got a serpentine rune of Zot
 33061 | Vaults:1 | Entered Level 1 of the Vaults
 33395 | Vaults:1 | Reached skill level 19 in Fighting
 33450 | Vaults:1 | Reached XP level 20. HP: 156/174 MP: 30/30
 33752 | Elf:1    | Entered Level 1 of the Elven Halls
 34005 | Elf:1    | Reached skill level 15 in Shields
 34600 | Elf:1    | Got the Folio of Blows and Sidekicks
 34790 | Elf:2    | Found a runed translucent gate.
 34790 | Elf:2    | Found a runed translucent gate.
 34791 | Elf:2    | Found a runed translucent gate.
 35821 | Elf:3    | Entered Level 3 of the Elven Halls
 35830 | Elf:3    | Found Oriunked's Jewellery Boutique.
 35838 | Elf:3    | Found Plog's Weapon Shop.
 35838 | Elf:3    | Found Quffok's Antique Armour Boutique.
 35845 | Elf:3    | Found Kihixo's Antique Weapon Shop.
 35852 | Elf:3    | Bought a crude mace for 184 gold pieces
 35852 | Elf:3    | Identified the +5 mace of Bulutt {antimagic, ^Contam rF++
                  | Int+3} (You bought it in a shop on level 3 of the Elven
                  | Halls)
 35906 | Elf:3    | Found Zaaso's Weapon Shop.
 35912 | Elf:3    | Identified the +4 robe of the Turtle {rCorr Int+3 Dex-2}
 35994 | Elf:3    | Reached XP level 21. HP: 121/172 MP: 31/31
 36008 | Elf:3    | Reached skill level 5 in Axes
 36028 | Elf:3    | Reached skill level 20 in Fighting
 36392 | Elf:3    | Identified the +2 morningstar of Uson {antimagic, ^Fragile
                  | rPois Str+3 Int+5}
 36419 | Elf:3    | Found the +8 Wrath of Trog {antimagic, *Rage Rampage}
 36422 | Elf:3    | Identified the ring "Jior Ymm" {Fire Int+5 SInv}
 36446 | Elf:3    | Identified the +1 plate armour "Cunlihun" {rF+ rC- Int+8
                  | SInv}
 36466 | Elf:3    | Identified the ring of Lady Luck {+Blink rF+ rC+ Dex+6
                  | Stlth+}
 36471 | Elf:3    | Identified the ring of Anuysuvo {Fire rCorr}
 37298 | Vaults:1 | Noticed Nikola
 37309 | Vaults:1 | Killed Nikola
 38394 | Vaults:2 | Reached skill level 21 in Fighting
 38398 | Vaults:2 | Reached XP level 22. HP: 147/194 MP: 32/32
 38602 | Vaults:2 | Identified the +0 ring mail of the Festooned Dropbear
                  | {rElec MP-9 Int+5}
 38680 | Vaults:2 | Found a staircase to the Crypt.
 38680 | Vaults:2 | Found a basalt altar of Yredelemnul.
 38681 | Vaults:2 | Found an ancient bone altar of Kikubaaqudgha.
 39489 | Vaults:3 | Reached skill level 22 in Fighting
 41045 | Vaults:4 | Reached skill level 15 in Armour
 41205 | Vaults:4 | Reached XP level 23. HP: 162/203 MP: 33/33
 41403 | Vaults:5 | Entered Level 5 of the Vaults
 41566 | Vaults:4 | You fall into a shaft and drop 1 floor!
 41580 | Vaults:5 | Noticed an ancient lich
 41588 | Vaults:5 | Killed an ancient lich
 41595 | Vaults:5 | Reached skill level 10 in Axes
 41595 | Vaults:5 | HP: 3/199 [titan/the air (9)]
 41595 | Vaults:5 | Mangled by an iron troll

Illustrated notes

Levels and vault maps discovered:
D:1:      lemuel_arrival_river_ford, layout_rooms, nicolae_nh_oracle_at_delphi
D:2:      layout_basic
D:3:      layout_basic, mainiacjoe_overflow_alcove_2
D:4:      layout_loops_ring, pf_just_have_faith, portal_sewer_entry_a,
          nicolae_wormholes
D:5:      layout_loops_ring, mainiacjoe_overflow_concentric_impassable,
          nicolae_hepliaklqana_monster_ancestors, nicolae_half_adder
D:6:      layout_loops_corners, mainiacjoe_overflow_alcove_4,
          mainiacjoe_overflow_alcove_1, minmay_temple_entry_slanted
D:7:      layout_loops_ring, mainiacjoe_overflow_small_starburst,
          old_standard_altar, lemuel_coloured_pillars_altar,
          mainiacjoe_overflow_catch_the_wave
D:8:      minmay_weird_star, layout_basic, nzn_random_ring, uniq_psyche
D:9:      layout_loops_ring, lemuel_mausoleum_altar_yredelemnul,
          mainiacjoe_overflow_catwalk
D:10:     lemuel_slime, layout_loops_ring, kennysheep_diamond,
          fungi_pond_lemuel, uniq_maggie
D:11:     layout_loops_ring, nzn_ghost_randoct, uniq_fannar
D:12:     layout_basic, orc_0_dummy, uniq_nessos, uniq_lodul, uniq_jorgrun
D:13:     layout_cave_pools, grunt_vaults_entry_fortified, enter_trove_2
D:14:     layout_gridville, serial_bayou_ford_a
D:15:     grunt_enter_depths_giant_problem, layout_gridville
Lair:1:   layout_regular_city, serial_bayou_pond_a, minivault_25,
          serial_bayou_lagoon_b, grunt_megastairs_3, infiniplex_staircase_pool_2
Lair:2:   layout_cave_shapes, minmay_swamp_entry_worms, minivault_25,
          chequers_serial_rivers_large_a, grunt_megastairs_2, uniq_sonja,
          uniq_nergalle
Lair:3:   layout_cave_pods, alex1729_snake_entry_snake,
          portal_ice_cave_entry_pillars_1, hellmonk_talismancer,
          infiniplex_staircase_pool
Lair:4:   layout_cave_shapes, dpeg_slime_entry_corner,
          nicolae_volcano_entry_s_turn, hibernation_bobbens
Lair:5:   grunt_lair_end_beastmaster, layout_regular_city, serial_bayou_shore_a,
          lemuel_fruit_tree, serial_bayou_shore_b
Swamp:1:  tekkud_swamp_unearthing_site, layout_falls_marsh,
          hangedman_swamp_ruin_wall, nicolae_swamp_very_dense_foliage,
          swamp_pool_1_2, nicolae_swamp_super_fun_site
Swamp:2:  layout_basic_swamp, evilmike_swamp_ruin_rubble_2,
          nicolae_swamp_well_well_well, nicolae_swamp_tree_isthmus, uniq_donald
Swamp:3:  layout_basic_swamp, serial_swamp_ruin, evilmike_swamp_ruin_wall,
          evilmike_swamp_ruin_house_4, evilmike_swamp_ruin_house_1,
          nicolae_swamp_decorative_isthmus, uniq_louise
Swamp:4:  swamp_icy, layout_basic_swamp, swamp_pool_1_2
Snake:1:  layout_basic, serial_shops, nicolae_shop_statue_plus,
          serial_bayou_shore_b
Snake:2:  layout_cave_pods, serial_shops, nicolae_shop_statue_plus, uniq_aizul,
          uniq_asterion
Snake:3:  nicolae_aizul_guard, layout_grid_maze, basic_altar,
          grunt_megastairs_5, uniq_vashnia
Snake:4:  johnstein_snake_rune_scales, layout_cave_town,
          nicolae_snake_gridmaze_zigzag, nicolae_snake_bzzzt
Orc:1:    layout_caves, serial_shops, shop
Orc:2:    st_orc_mages, layout_caves
Elf:1:    layout_onion_city, minmay_elf_sorcery
Elf:2:    elven_hall_of_blades_hangedman_original [nicolae_blade_lattice],
          layout_loops_ring, nicolae_elf_glass_and_crystal_pillar_1
Elf:3:    minmay_elf_hall, layout_rooms, serial_shops,
          nicolae_shop_tiny_statue_garden, minmay_shoptagon
Vaults:1: ontoclasm_vaults_idyll, nicolae_vaults_little_squares_6,
          nicolae_vaults_asterisk, nicolae_vaults_trapezoid_4,
          nicolae_vaults_trapezoid_3, nicolae_vaults_trapezoid_3,
          vaults_dpeg_encased_lava, hangedman_vaults_maws,
          nicolae_vaults_frosty_reception, layout_vaults_omnigrid, uniq_nikola
Vaults:2: minmay_crypt_entry_necro_gods, v_misc_25,
          nicolae_vaults_tetromino_L_1, v_alt_pattern_5,
          nicolae_vaults_more_shelving_2, ontoclasm_vaults_claustrophobia,
          hangedman_vaults_snaps, v_rooms_3, nicolae_vaults_theta,
          nicolae_vaults_stepped_doors, v_misc_22,
          nicolae_vaults_trapezoid_lopsided_4, vaults_mumra_chevron_long,
          v_misc_26, nicolae_vaults_house_1, layout_vaults_maze_bifur
Vaults:3: v_misc_1, vaults_dpeg_hooks, nicolae_vaults_closet_pinwheel_1,
          nicolae_vaults_double_plus_3, v_misc_10, nicolae_vaults_tangram_2,
          nicolae_vaults_antechamber_and_loot_room,
          nicolae_vaults_three_branches, grunt_vaults_focal,
          nicolae_vaults_trapezoid_1, layout_vaults_chaotic_city
Vaults:4: nicolae_vaults_tetromino_Z_2, ontoclasm_vaults_ring_small,
          vaults_room_pool, nicolae_vaults_diagonal_hallway_8,
          nicolae_vaults_prndl, grunt_vaults_trifunnel,
          hangedman_vaults_corner_blocks, hangedman_vaults_restitches,
          nicolae_vaults_tetromino_Z_1, layout_vaults_omnicross
Vaults:5

Skill      XL: |  1  2  3  4  5  6  7  8  9 10 11 12 13 14 15 16 17 18 19 20 21 22 23 |
---------------+----------------------------------------------------------------------+-----
Fighting       | 4 5 6 7 8 9 11 12 13 15 16 17 18 19 21 22 | 22.5
Maces & Flails | 3 4 5 6 7 8 9 10 11 | 11.7
Armour         | 4 5 6 7 8 10 11 12 13 14 15 | 15.3
Shields        | 5 6 7 8 9 11 13 14 15 16 | 16.8
Dodging        | 1 2 3 4 5 6 7 8 |  8.3
Ranged Weapons | 2 5 8 9 11 13 14 15 16 17 18 19 20 | 20.0
Invocations    | 3 5 7 9 10 11 12 13 14 | 14.4
Evocations     | 1 2 |  2.5
Throwing       | 3 4 |  4.2
Axes           | 2 3 4 6 8 10 | 10.0

Action                     |  1- 3 |  4- 6 |  7- 9 | 10-12 | 13-15 | 16-18 | 19-21 | 22-24 || total
---------------------------+-------+-------+-------+-------+-------+-------+-------+-------++-------
  Melee: Flail             |    67 |   188 |   210 |       |       |       |       |       ||   465
         Great mace        |       |       |       |     4 |    10 |    19 |       |       ||    33
         Broad axe         |       |       |       |       |    15 |    16 |    23 |       ||    54
         Executioner's axe |       |       |       |       |       |       |       |    19 ||    19
   Fire: Sling             |       |       |   128 |   432 |   773 |    34 |       |       ||  1367
         Arbalest          |       |       |       |       |   200 |   911 |   359 |       ||  1470
         Longbow           |       |       |       |       |       |     5 |   625 |   429 ||  1059
  Throw: Throwing net      |       |       |       |       |       |     3 |       |       ||     3
 Invoke: Bend Time         |       |       |       |     1 |       |       |       |       ||     1
         Slouch            |       |       |       |     3 |     6 |    14 |     4 |    12 ||    39
         Step From Time    |       |       |       |       |       |     1 |       |       ||     1
Ability: Shaft Self        |       |       |       |       |     1 |       |       |     1 ||     2
  Evoke: Wand              |       |     5 |     4 |     1 |     8 |     2 |     1 |       ||    21
         Lightning rod     |       |       |       |     4 |     1 |     2 |     4 |       ||    11
    Use: Scroll            |       |     4 |     1 |     5 |     8 |    11 |    11 |     2 ||    42
         Potion            |       |     1 |     1 |     3 |     3 |     8 |     2 |     7 ||    25
 Armour: Scale mail        |    38 |   139 |   164 |    81 |       |   201 |       |       ||   623
         Steam dragon scal |       |       |       |    30 |    57 |       |       |       ||    87
         Ice dragon scales |       |       |       |       |    90 |       |     2 |       ||    92
         Chain mail        |       |       |       |       |   150 |   154 |   118 |   147 ||   569
         Robe              |       |       |       |       |     3 |       |       |       ||     3
         Skin              |       |       |       |       |     3 |       |       |       ||     3
         Swamp dragon scal |       |       |       |       |       |    14 |    99 |       ||   113
  Dodge: Dodged            |    25 |    91 |   132 |   104 |   248 |   298 |   196 |   108 ||  1202
  Block: Buckler           |    18 |    61 |    81 |    76 |    97 |       |       |       ||   333
         Kite shield       |       |       |       |       |   187 |   525 |   344 |   175 ||  1231
         Tower shield      |       |       |       |       |       |   227 |       |       ||   227
         Reflection        |       |       |       |       |       |    27 |    86 |    16 ||   129
